 Dungeon Crawl Stone Soup version 0.29.1-15-g9cfb28693d (webtiles) character file.

Game seed: 2510959850957070588

5686 henkyspanky the Thaumaturge (level 10, -4/57 HPs)
             Began as a Deep Elf Conjurer on Mar 19, 2023.
             Was a Priest of Sif Muna.
             Killed from afar by an acid dragon (26 damage)
             ... with a splash of acid
             ... on level 7 of the Dungeon.
             The game lasted 00:34:29 (10024 turns).

henkyspanky the Thaumaturge (Deep Elf Conjurer)    Turns: 10024, Time: 00:34:29

Health: -4/57      AC:  9    Str:  4    XL:     10   Next: 47%
Magic:  13/26      EV: 17    Int: 28    God:    Sif Muna [***...]
Gold:   455        SH:  0    Dex: 19    Spells: 4/29 levels left

rFire   . . .      SeeInvis .   f - +4 short sword (chaos)
rCold   . . .      Faith    .   (no shield)
rNeg    + . .      Spirit   .   c - +0 leather armour
rPois   .          Reflect  .   j - +2 helmet
rElec   .          Harm     .   h - +0 cloak
rCorr   .          Rampage  .   i - +0 pair of gloves
Will    +....                   (no boots)
Stlth   ++++......              (no amulet)
HPRegen 0.19/turn               g - +6 ring of dexterity
MPRegen 0.20/turn               q - ring of positive energy

@: no status effects
A: no striking features
a: Renounce Religion, Channel Magic, Forget Spell


You were on level 7 of the Dungeon.
You worshipped Sif Muna.
Sif Muna was most pleased with you.
You visited 1 branch of the dungeon, and saw 8 of its levels.

You collected 455 gold pieces.

Inventory:

Hand Weapons
 e - a +0 dagger
 f - a +4 short sword of chaos (weapon)
 r - a +0 trident
 u - a +2 short sword of venom
 y - a +1 rapier of freezing
Armour
 a - a +0 robe
 c - a +0 leather armour (worn)
 h - a +0 cloak (worn)
 i - a +0 pair of gloves (worn)
 j - a +2 helmet (worn)
Magical Staves
 n - a staff of death
Jewellery
 g - a +6 ring of dexterity (left hand)
 q - a ring of positive energy (right hand)
 E - a ring of protection from fire
Wands
 t - a wand of digging (6)
 w - a wand of flame (7)
 B - a wand of acid (14)
 F - a wand of polymorph (6)
Scrolls
 d - 4 scrolls of teleportation
 l - 2 scrolls of vulnerability
 p - 2 scrolls of amnesia
 s - 4 scrolls of immolation
 v - a scroll of magic mapping {unknown}
 C - a scroll of fog
Potions
 b - a potion of magic
 k - 2 potions of heal wounds
 m - a potion of degeneration
 o - a potion of ambrosia
 z - 2 potions of lignification
 A - 2 potions of curing
 D - 2 potions of attraction {unknown}


   Skills:
 + Level 4.2 Fighting
 + Level 4.9 Armour
 * Level 10.2 Dodging
 + Level 7.4 Stealth
 + Level 10.3 Spellcasting
 + Level 9.5 Conjurations
 * Level 2.5 Summonings
 - Level 7.9 Translocations
 * Level 1.3 Invocations
 + Level 0.6 Evocations


You had 4 spell levels left.
You knew the following spells:

 Your Spells              Type           Power      Damage    Failure   Level
a - Magic Dart            Conj           100%       1d8       1%          1
b - Iskenderun's Mystic   Conj/Tloc      59%        2d12      1%          4
c - Dazzling Flash        Conj/Hex       82%        N/A       2%          3
d - Orb of Destruction    Conj           30%        9d10      73%         7
e - Spellforged Servitor  Conj/Summ      24%        N/A       99%         7
f - Ozocubu's Armour      Ice            14%        N/A       19%         3

Your spell library contained the following spells:

 Spells                   Type           Power      Damage    Failure   Level
 Searing Ray              Conj           100%       2d8       1%          2
 Slow                     Hex            56%        N/A       6%          1
 Fulminant Prism          Conj/Hex       20%        3d13      9%          4
 Summon Guardian Golem    Hex/Summ       21%        N/A       12%         3
 Confusing Touch          Hex            14%        N/A       19%         3
 Vampiric Draining        Necr           14%        2d7       19%         3
 Ozocubu's Refrigeration  Ice            7%         4d9       100%        7


Dungeon Overview and Level Annotations

Branches:
Dungeon (8/15)             Temple (0/1) D:7
   Lair: D:8-11

Altars:
Ashenzari
Dithmenos
Fedhas
Gozag
Nemelex Xobeh
Okawaru
Qazlal
Sif Muna
Zin

Shops:
D:2 *

Annotations:
D:1 1 transporter


Message History

The wight is severely damaged.
The wight barely misses you.
The magic dart hits the wight.
The wight is almost destroyed.
The wight hits you with a +0 falchion.
The magic dart hits the wight but does no damage.
The wight is almost destroyed.
The wight hits you but does no damage.
The magic dart hits the wight.
You destroy the wight!
Sif Muna accepts your kill.
You can't see any susceptible monsters within range! (Use Z to cast anyway.)
Things that are here:
a +0 falchion; a +0 robe The magic dart hits the steam dragon.
The steam dragon is lightly wounded.
The steam dragon hisses angrily.
The magic dart hits the steam dragon.
The steam dragon is lightly wounded.
The steam dragon breathes steam at you. The ball of steam hits you!
The magic dart hits the steam dragon but does no damage.
The steam dragon is lightly wounded.
You are engulfed in a cloud of scalding steam.
The steam dragon breathes steam at you. The ball of steam hits you!
Aiming: Polymorph
Press: ? - help, Shift-Dir - straight line
Okay, then.
Aiming: Polymorph
Press: ? - help, Shift-Dir - straight line, f/p - steam dragon
Aim: a steam dragon (lightly wounded, will become an acid dragon, a killer bee, or a swamp drake, chance to affect: 50%)
The steam dragon resists with some effort.
Aiming: Polymorph
Press: ? - help, Shift-Dir - straight line, f/p - steam dragon
Aim: a steam dragon (lightly wounded, will become an acid dragon, a killer bee, or a swamp drake, chance to affect: 50%)
The steam dragon evaporates and reforms as an acid dragon!
The acid dragon spits acid at you. The splash of acid hits you!!
You die...

#..#..# #.....[..........#
#..#..# #..........).....#
#.....## #................##
####.....## #.................#
..........###.........~~~~~~~.##
......#.#...##.))..)).~≈####~..#
#._8_.#..##...#.....#.~≈#.>#~..#
#.....#...###...#####.~~'..#~..#
#.......#.# ###.@.# #.~~'..#~..##
#..####.#.# ###.###§≈§'..#~....
#.## #...# #.D...~≈#)∩#~....
#.### ##..# ###...~≈####~....
....# #..# ##..~~~~~~~.##. ....#
#..### #######............ ....#
##...###.....§..#......###
....#####....#..#####).......####
.........[.....####.....###......


You could see an acid dragon (catching breath).

Vanquished Creatures
  Pikel (D:8)
  A steam dragon (D:8)
  A wyvern (D:7)
  3 water moccasins
  An orc warrior (D:7)
  2 black bears
  2 ice beasts
  An ogre (D:4)
  A centaur (D:5)
  3 scorpions
  3 bullfrogs
  2 necrophages
  5 wights
  4 killer bees (D:8)
  3 howler monkeys
  A lava snake (D:8)
  3 hounds
  2 jellies (D:5)
  4 orc priests
  A gnoll bouda (D:6)
  Terence (D:3)
  5 iguanas
  5 orc wizards
  8 gnolls
  6 adders
  4 shadow imps
  4 white imps (D:6)
  An ufetubus (D:6)
  3 worms
  2 dart slugs (D:1)
  25 orcs
  8 ball pythons
  5 bats
  9 endoplasms
  6 giant cockroaches
  4 goblins
  14 hobgoblins
  4 kobolds
  2 quokkas
  7 frilled lizards
  5 rats
172 creatures vanquished.

Notes
Turn   | Place    | Note
-------+----------+-------------------------------------------
     0 | D:1      | henkyspanky the Deep Elf Conjurer began the quest for the
                  | Orb.
     0 | D:1      | Reached XP level 1. HP: 10/10 MP: 6/6
   392 | D:1      | Reached XP level 2. HP: 15/15 MP: 6/8
   562 | D:1      | Reached skill level 5 in Conjurations
   811 | D:1      | Reached XP level 3. HP: 19/19 MP: 7/9
  1102 | D:2      | Found Foates's General Store.
  1685 | D:2      | Found an iron altar of Okawaru.
  2095 | D:3      | Reached skill level 1 in Armour
  2095 | D:3      | Reached XP level 4. HP: 24/24 MP: 8/11
  2128 | D:3      | Found a broken altar of Ashenzari.
  2254 | D:3      | Noticed a scorpion
  2268 | D:3      | Killed a scorpion
  2269 | D:3      | Reached XP level 5. HP: 17/28 MP: 1/13
  2496 | D:3      | Noticed Terence
  2504 | D:3      | Killed Terence
  2669 | D:3      | Found a faded altar of an unknown god.
  2685 | D:3      | Prayed at the altar of an unknown god.
  2685 | D:3      | Became a worshipper of Sif Muna the Loreminder
  2685 | D:3      | Reached * piety under Sif Muna
  3227 | D:4      | Reached XP level 6. HP: 31/32 MP: 7/15
  3280 | D:4      | Found an iron altar of Okawaru.
  3313 | D:4      | Found a shadowy altar of Dithmenos.
  3441 | D:4      | Found a blossoming altar of Fedhas.
  3476 | D:4      | Reached skill level 5 in Spellcasting
  4150 | D:4      | Reached XP level 7. HP: 36/36 MP: 11/18
  4576 | D:5      | Entered Level 5 of the Dungeon
  4598 | D:5      | Learned a level 4 spell: Iskenderun's Mystic Blast
  4694 | D:5      | Learned a level 3 spell: Dazzling Flash
  4920 | D:5      | Found a stormy altar of Qazlal.
  4967 | D:5      | Reached XP level 8. HP: 46/46 MP: 15/22
  4968 | D:5      | Reached XP level 9. HP: 52/52 MP: 15/24
  5521 | D:5      | Reached ** piety under Sif Muna
  5682 | D:6      | Learned a level 7 spell: Orb of Destruction
  5690 | D:6      | Learned a level 7 spell: Spellforged Servitor
  6254 | D:6      | Learned a level 3 spell: Ozocubu's Armour
  6342 | D:6      | Reached skill level 1 in Summonings
  6398 | D:6      | Reached skill level 10 in Dodging
  6979 | D:6      | Found an opulent altar of Gozag.
  7234 | D:6      | Reached XP level 10. HP: 56/56 MP: 19/25
  7926 | D:7      | Found a sparkling altar of Nemelex Xobeh.
  7926 | D:7      | Found a glowing silver altar of Zin.
  8232 | D:7      | Reached skill level 10 in Spellcasting
  8546 | D:7      | Reached *** piety under Sif Muna
  8798 | D:7      | Found a staircase to the Ecumenical Temple.
  9400 | D:8      | Noticed Pikel
  9415 | D:8      | Killed Pikel
  9416 | D:8      | Reached skill level 1 in Invocations
 10024 | D:7      | Killed from afar by an acid dragon

Illustrated notes

Levels and vault maps discovered:
D:1:      spicycebolla_arrival_risky_transporter, layout_rooms
D:2:      layout_basic, serial_shops, nicolae_shop_hallway_stairs, basic_altar,
          glass_columns_b, minmay_tall_x
D:3:      layout_loops_ring, overflow_temple_1_default,
          ebering_ecumenical_altar_ruins, minmay_between, uniq_terence
D:4:      nicolae_cairo_tiling, layout_basic, okawaru_trees_2,
          mainiacjoe_overflow_paths, mainiacjoe_overflow_small_starburst
D:5:      layout_loops_cross, mainiacjoe_overflow_concentric_impassable
D:6:      layout_layer_cave, mainiacjoe_overflow_boulevard
D:7:      layout_rooms, chequers_temple_overflow_statue_of_worship,
          temple_green, enter_bailey_4, ldierk_geyser
D:8:      layout_loops_corners, grunt_lair_entry_orc_guard_hut, st_stairs_8,
          kennysheep_opposing_triangles, uniq_maggie, uniq_pikel, uniq_erica

Skill      XL: |  1  2  3  4  5  6  7  8  9 10 |
---------------+-------------------------------+-----
Conjurations   | 5 6 8 9 |  9.5
Dodging        | 3 4 8 9 10 | 10.2
Armour         | 1 2 4 |  4.9
Spellcasting   | 4 6 8 9 10 | 10.3
Stealth        | 3 6 7 |  7.4
Fighting       | 3 4 |  4.2
Translocations | 6 7 |  7.9
Summonings     | 1 2 |  2.5
Invocations    | 1 |  1.3
Evocations     | |  0.6

Action                   |  1- 3 |  4- 6 |  7- 9 | 10-12 || total
-------------------------+-------+-------+-------+-------++-------
Melee: Unarmed           |    11 |       |       |       ||    11
       Short sword       |       |     3 |     2 |       ||     5
Throw: Throwing net      |       |       |       |     2 ||     2
 Cast: Magic Dart        |    85 |   126 |   215 |   182 ||   608
       Iskenderun's Myst |       |       |     2 |    13 ||    15
       Dazzling Flash    |       |       |     2 |     2 ||     4
       Ozocubu's Armour  |       |       |       |     1 ||     1
Evoke: Wand              |       |       |     2 |    11 ||    13
  Use: Potion            |     2 |     1 |     4 |       ||     7
       Scroll            |     2 |     7 |     7 |     3 ||    19
Armor: Leather armour    |    24 |    21 |    32 |    39 ||   116
Dodge: Dodged            |    37 |    28 |    78 |    95 ||   238
